[Event "Team 45 45 League T51"]
[Site "Internet Chess Club"]
[Date "2011.11.27"]
[Round "3"]
[White "MeanMrMustard"]
[Black "vaknight"]
[Result "0-1"]
[WhiteElo "1795"]
[BlackElo "1801"]
[Opening "Queen's pawn: Torre attack, Wagner gambit"]
[ECO "B41"]
[Time "11:09:58"]
[TimeControl "2700+45"]

1. e4 e6 2. d4 c5 3. Nf3 Nf6 4. Bg5 Be7 5. Nc3 cxd4 6. Nxd4 Qa5 7. Bd2 Qb6 8.
Nb3 Nc6 9. Bb5 Nxe4 10. Bxc6 Qxf2# {White checkmated} 0-1

[Event "Team 45 45 League T51"]
[Site "Internet Chess Club"]
[Date "2011.11.25"]
[Round "3"]
[White "rayonline53"]
[Black "ghostfire"]
[Result "0-1"]
[WhiteElo "1501"]
[BlackElo "1762"]
[Opening "QGD Slav defense"]
[ECO "D10"]
[Time "17:01:24"]
[TimeControl "2700+45"]

1. d4 d5 2. c4 c6 3. Nc3 dxc4 4. a4 Nf6 5. e3 e6 6. Bxc4 Be7 7. Nf3 O-O 8. O-O
Nbd7 9. Qc2 Re8 10. Bd2 Nf8 11. Rad1 Ng6 12. Ba2 Nd5 13. Nxd5 exd5 14. Bb1 Bd6
15. h4 Bg4 16. Ng5 Bxd1 17. Rxd1 h6 18. Nxf7 Kxf7 19. Qxg6+ Kf8 20. e4 dxe4 21.
Bxe4 Qe7 22. f3 Rad8 23. Qh7 Qxh4 24. f4 Qg4 25. Re1 Kf7 26. Bc2 Rxe1+ 27. Bxe1
Bxf4 28. Bc3 Be3+ 29. Kf1 Qf4+ 30. Ke1 Qf2+ 31. Kd1 Qf1+ 32. Be1 Rxd4+ {White
resigns} 0-1

[Event "Team 45 45 League T51"]
[Site "Internet Chess Club"]
[Date "2011.11.24"]
[Round "3"]
[White "Frankly"]
[Black "nursey"]
[Result "0-1"]
[WhiteElo "1766"]
[BlackElo "1550"]
[Opening "QGD: Tartakower (Makagonov-Bondarevsky) system"]
[ECO "D58"]
[Time "13:02:14"]
[TimeControl "2700+45"]

1. d4 d5 2. c4 e6 3. Nc3 Nf6 4. Bg5 Be7 5. e3 O-O 6. Nf3 h6 7. Bh4 b6 8. Rc1 Bb7
9. cxd5 Nxd5 10. Nxd5 Bxd5 11. Bxe7 Qxe7 12. a3 c5 13. Bd3 cxd4 14. e4 Bb7 15.
Nxd4 Rd8 16. Qa4 b5 17. Bxb5 Qf6 18. Nf3 a6 19. Bc4 Qxb2 20. O-O Bxe4 21. Qa5
Nc6 22. Qh5 Qxa3 23. Be2 Ne7 24. Ne5 Ng6 25. Rc7 Qd6 26. Nxf7 Qxc7 27. Nxd8 Qxd8
28. Qg4 Bf5 29. Qc4 Ne5 30. Qc3 Qf6 31. Rd1 a5 32. Qc7 a4 33. f4 Nf7 34. Bf3 Rd8
35. Rc1 Qd4+ 36. Kh1 e5 37. g4 Qxf4 38. Bb7 Be4+ 39. Bxe4 Qxe4+ 40. Kg1 Qxg4+
41. Kh1 Qf3+ 42. Kg1 Rd2 43. Qb8+ Kh7 44. Qb1+ g6 {White resigns} 0-1

[Event "Team 45 45 League T51"]
[Site "Internet Chess Club"]
[Date "2011.11.26"]
[Round "3"]
[White "Patzer4Life"]
[Black "chess-fan"]
[Result "0-1"]
[WhiteElo "1368"]
[BlackElo "1674"]
[Opening "Sicilian defense"]
[ECO "B34"]
[Time "22:59:51"]
[TimeControl "2700+45"]

1. e4 c5 2. Nf3 Nc6 3. d4 cxd4 4. Nxd4 g6 5. Be3 Bg7 6. Qd2 Nf6 7. f3 d5 8. exd5
Nxd5 9. Bf2 Nb6 10. Bb5 Bd7 11. Nc3 O-O 12. O-O-O Nxd4 13. Bxd7 Qxd7 14. Bxd4 e5
15. Bxb6 Qxd2+ 16. Rxd2 axb6 17. Kb1 f5 18. Rhd1 Rae8 19. Nb5 e4 20. fxe4 fxe4
21. Rd7 e3 22. Re1 e2 23. Rd2 Rf1 {White resigns} 0-1

[Event "Team 45 45 League T51"]
[Site "Internet Chess Club"]
[Date "2011.11.26"]
[Round "3"]
[White "kingsleywang"]
[Black "obaut"]
[Result "1-0"]
[WhiteElo "1410"]
[BlackElo "1370"]
[Opening "Ruy Lopez: Caro variation"]
[ECO "C70"]
[Time "14:01:54"]
[TimeControl "2700+45"]

1. e4 e5 2. Nf3 Nc6 3. Bb5 a6 4. Ba4 b5 5. Bb3 Nf6 6. O-O Bc5 7. Re1 O-O 8. c3
Re8 9. d4 exd4 10. cxd4 Bb4 11. Nc3 Bxc3 12. bxc3 Nxe4 13. Qd3 d5 14. Bc2 Bf5
15. Bf4 Nxf2 16. Qxf5 Ne4 17. Bxe4 dxe4 18. Rxe4 Ne7 19. Qh5 g6 20. Qh6 Nf5 21.
Rxe8+ Qxe8 22. Qg5 Qe7 23. Qxe7 Nxe7 24. Bxc7 Nd5 25. Ba5 Rc8 26. Rc1 b4 27. c4
Nc3 28. Kf1 Nxa2 29. Ra1 b3 30. Nd2 Rb8 31. Rb1 b2 32. d5 Kf8 33. Ke2 Nc1+ 34.
Kd1 h5 35. Kc2 {Black resigns} 1-0

[Event "Team 45 45 League T51"]
[Site "Internet Chess Club"]
[Date "2011.11.25"]
[Round "3"]
[White "rcddonovan"]
[Black "XGG123"]
[Result "1-0"]
[WhiteElo "1388"]
[BlackElo "1238"]
[Opening "Ruy Lopez: 5.O-O"]
[ECO "C78"]
[Time "19:01:14"]
[TimeControl "2700+45"]

1. e4 e5 2. Nf3 Nc6 3. Bb5 a6 4. Ba4 Nf6 5. O-O b5 6. Bb3 Bc5 7. h3 O-O 8. Re1
d5 9. d3 dxe4 10. dxe4 Qe7 11. Bg5 h6 12. Bh4 Nd4 13. c3 Nxf3+ 14. Qxf3 Be6 15.
Bxf6 Qxf6 16. Qxf6 gxf6 17. Bc2 Kh7 18. Nd2 Rg8 19. Kh2 Bxf2 20. Rf1 Bg3+ 21.
Kh1 Rg7 22. Rxf6 Rd8 23. Nf1 Bc4 24. Ne3 Be2 25. Nf5 Rg5 26. Rxh6+ Kg8 27. Nxg3
Rxg3 28. Kh2 Rg5 29. Rxa6 Kh7 30. Re1 Rd2 31. Bb3 Bf3 32. Rf6 Rdxg2+ 33. Kh1
Rd2+ 34. Rxf3 Rxb2 35. Bxf7 Rxa2 36. Bxa2 {Black resigns} 1-0

[Event "Team 45 45 League T51"]
[Site "Internet Chess Club"]
[Date "2011.11.25"]
[Round "3"]
[White "BrianWood"]
[Black "Mymas"]
[Result "0-1"]
[WhiteElo "1448"]
[BlackElo "1451"]
[Opening "Queen's pawn game"]
[ECO "D05"]
[Time "20:01:39"]
[TimeControl "2700+45"]

1. Nf3 d5 2. d4 Nf6 3. e3 e6 4. c4 c5 5. Nc3 Nc6 6. Bd3 dxc4 7. Bxc4 cxd4 8.
exd4 Be7 9. O-O O-O 10. Be3 Ng4 11. Bf4 Bd6 12. Bxd6 Qxd6 13. h3 Nf6 14. Qd2 Rd8
15. Rfd1 a6 16. d5 Na5 17. dxe6 Nxc4 18. exf7+ Kf8 19. Qe2 Qe7 20. Qxc4 Be6 21.
Qh4 h6 22. Re1 Qxf7 23. Ne5 Qc7 24. Nf3 Qf7 25. Ne5 Qc7 26. Ng6+ Kf7 27. Rxe6
Kxe6 28. Re1+ Kf7 29. Re7+ Qxe7 30. Nxe7 Kxe7 31. Qb4+ Kf7 32. Qxb7+ Kg6 33. Qf3
Kf7 34. Ne4 Rac8 35. Nxf6 gxf6 36. Qb7+ Kg6 37. Qxa6 Rc2 38. Qb6 Rdd2 39. a4
Rxb2 40. Qe3 Re2 41. Qg3+ Kf7 42. Qc7+ Kg6 43. a5 Rbc2 44. a6 Rxc7 {White
resigns} 0-1

[Event "Team 45 45 League T51"]
[Site "Internet Chess Club"]
[Date "2011.11.26"]
[Round "3"]
[White "ausya"]
[Black "oldsj"]
[Result "1-0"]
[WhiteElo "1517"]
[BlackElo "1433"]
[Opening "Sicilian: Alapin's variation (2.c3)"]
[ECO "B22"]
[Time "18:30:28"]
[TimeControl "2700+45"]

1. e4 c5 2. c3 Nf6 3. e5 Nd5 4. d4 cxd4 5. cxd4 Nc6 6. Nf3 e6 7. Bc4 Nb6 8. Bb3
d6 9. O-O Qc7 10. Bf4 d5 11. Nc3 a6 12. Qe2 Bb4 13. Rad1 O-O 14. Rd3 Bd7 15. Nh4
Ne7 16. Rg3 Ng6 17. Qg4 Be7 18. Nxg6 fxg6 19. Bc2 Be8 20. Bg5 Bf7 21. Qh4 Bxg5
22. Qxg5 Qd8 23. Qg4 Nc8 24. Ne2 Ne7 25. h4 Rc8 26. Bd3 Qd7 27. h5 Rc6 28. Nf4
Qe8 29. h6 gxh6 30. Qh4 h5 31. Nxh5 h6 32. Nf6+ Kg7 33. Nxe8+ Bxe8 34. Qxe7+ Kh8
35. Qxf8+ Kh7 {Black resigns} 1-0

[Event "Team 45 45 League T51"]
[Site "Internet Chess Club"]
[Date "2011.11.27"]
[Round "3"]
[White "stan-beers"]
[Black "cazj"]
[Result "1-0"]
[WhiteElo "1494"]
[BlackElo "1336"]
[Opening "QGD Slav: 4.Nc3"]
[ECO "D15"]
[Time "20:00:25"]
[TimeControl "2700+45"]

1. d4 Nf6 2. c4 c6 3. Nf3 d5 4. Nc3 Bg4 5. cxd5 cxd5 6. Bg5 e6 7. Ne5 Bh5 8.
Bxf6 gxf6 9. Qa4+ Nd7 10. Nxd7 Qxd7 11. Qxd7+ Kxd7 12. e3 Bb4 13. Bb5+ Ke7 14.
O-O Rac8 15. Rac1 Rhg8 16. a3 Bf3 17. g3 Bd6 18. Rfe1 f5 19. Be2 Bxe2 20. Rxe2
h5 21. Rec2 Rcd8 22. b4 h4 23. Ne2 Kf6 24. Nf4 Rg4 25. Kf1 hxg3 26. fxg3 Rh8 27.
Kg2 Rhg8 28. Kf3 Rh8 29. Rh1 Bxf4 30. exf4 Kg6 31. Rc7 f6 32. Kg2 e5 33. h3 exf4
34. hxg4 f3+ 35. Kg1 f2+ 36. Kxf2 Rxh1 37. gxf5+ Kxf5 38. Rxb7 Rh2+ 39. Kf3 Rd2
40. Ke3 Rg2 41. Kf3 Rd2 42. Rxa7 Rxd4 43. b5 Rd3+ 44. Ke2 Rxg3 45. b6 Rg2+ 46.
Kf3 Rg8 47. a4 d4 48. Ra5+ Ke6 49. b7 d3 50. Rb5 d2 51. Rb1 Rd8 52. Ke2 Rb8 53.
Kxd2 Kd6 54. a5 Kc7 55. a6 f5 56. Ke3 f4+ 57. Kxf4 Kc6 58. a7 Kc7 59. axb8=Q+
Kxb8 60. Ke5 {Black resigns} 1-0

[Event "Team 45 45 League T51"]
[Site "Internet Chess Club"]
[Date "2011.11.26"]
[Round "3"]
[White "baseball613"]
[Black "wekabird"]
[Result "1-0"]
[WhiteElo "1336"]
[BlackElo "978"]
[Opening "Queen's pawn game"]
[ECO "D02"]
[Time "18:00:11"]
[TimeControl "2700+45"]

1. d4 d5 2. Nf3 c6 3. Bf4 e6 4. e3 Nf6 5. Bd3 Be7 6. c3 O-O 7. Nbd2 Nbd7 8. Ne5
Nxe5 9. Bxe5 Ne8 10. Qh5 g6 11. Qh6 f6 12. Bg3 Ng7 13. h4 Nf5 14. Qf4 Bd6 15.
Qf3 Bxg3 16. fxg3 a5 17. g4 Nd6 18. O-O-O Nc4 19. Nxc4 dxc4 20. Bxc4 Bd7 21.
Rdf1 b5 22. Bd3 Qe7 23. h5 g5 24. Qg3 b4 25. c4 a4 26. c5 Bc8 27. Rf3 Ba6 28.
Be4 Rac8 29. Qe1 b3 30. a3 e5 31. Bf5 e4 32. Rf2 Rb8 33. Qa5 Bb5 34. Rd1 Ra8 35.
Qc3 Qf7 36. Bxe4 Qc4 37. Qxc4+ Bxc4 38. Bxc6 f5 39. Bxa8 Rxa8 40. Rxf5 h6 41.
Rd2 Re8 42. Re5 Rf8 43. Rf5 Rd8 44. Rdf2 Kg7 45. Kd2 Re8 46. Re5 Rxe5 47. dxe5
Be6 48. Rf6 Bxg4 49. c6 Bc8 50. Kc3 Ba6 51. c7 Bc8 52. Kb4 g4 53. g3 Bd7 54. Ka5
Bc8 55. Kxa4 {Black resigns} 1-0

[Event "Team 45 45 League T51"]
[Site "Internet Chess Club"]
[Date "2011.11.24"]
[Round "3"]
[White "quotha"]
[Black "Killian"]
[Result "1/2-1/2"]
[WhiteElo "1748"]
[BlackElo "1988"]
[Opening "Sicilian defense"]
[ECO "B30"]
[Time "15:27:37"]
[TimeControl "2700+45"]

1. e4 c5 2. Nf3 Nc6 3. c3 Nf6 4. e5 Nd5 5. Be2 e6 6. O-O d6 7. d4 dxe5 8. dxe5
Qc7 9. Re1 Bd7 10. Bc4 Nb6 11. Qe2 Be7 12. Bf4 Nxc4 13. Qxc4 a6 14. Nbd2 b5 15.
Qd3 c4 16. Qe3 h6 17. Rad1 Rd8 18. Ne4 Qa5 19. a3 O-O 20. Bxh6 Bc8 21. Bxg7 Kxg7
22. Qf4 Rh8 23. Nfg5 Bxg5 24. Nxg5 f5 25. exf6+ Kf8 26. Qe4 Rxd1 27. Rxd1 Qc7
28. h3 Rh6 29. Nxe6+ Bxe6 30. Qxe6 Nd8 31. Qd6+ Qxd6 32. Rxd6 Nf7 33. Rxa6 Ne5
34. Rb6 Rh5 35. a4 bxa4 36. Rb4 Nd3 37. Rxc4 Nxb2 38. Rc8+ Kf7 39. Ra8 Rc5 40.
Ra6 Rxc3 41. h4 Rc4 42. f3 Rxh4 43. g4 Rh8 44. Kg2 Rg8 45. Kh3 Rg6 46. f4 Rxf6
47. Ra7+ Kg6 48. f5+ Kg5 49. Kg3 Rb6 50. Rg7+ Kh6 51. Ra7 Kg5 52. Rg7+ Kh6 53.
Rg8 Ra6 54. g5+ Kh7 55. Rb8 a3 56. Rb7+ Kg8 57. Rb8+ Kg7 {Game drawn by mutual
agreement} 1/2-1/2

[Event "Team 45 45 League T51"]
[Site "Internet Chess Club"]
[Date "2011.11.26"]
[Round "3"]
[White "Helaman"]
[Black "Hapa-Haole"]
[Result "0-1"]
[WhiteElo "1488"]
[BlackElo "1641"]
[Opening "French: Fort Knox variation"]
[ECO "C03"]
[Time "21:30:04"]
[TimeControl "2700+45"]

1. e4 e6 2. d4 d5 3. Nd2 dxe4 4. Nxe4 Bd7 5. Nf3 Bc6 6. Bd3 Nd7 7. O-O Bxe4 8.
Bxe4 c6 9. c4 Ngf6 10. Bd3 Bd6 11. d5 cxd5 12. Re1 Nc5 13. Bc2 O-O 14. b4 Ncd7
15. c5 Bc7 16. Bb2 a5 17. a3 axb4 18. axb4 Qe7 19. Rc1 Rfc8 20. Bb3 Qd8 21. Re2
Bf4 22. Rcc2 Nb8 23. g3 Bh6 24. Ne5 Nc6 25. Nd3 b6 26. b5 Na5 27. Ba2 bxc5 28.
Nxc5 Nd7 29. Na6 Qb6 30. Rxc8+ Rxc8 31. Qd3 Nc5 32. Rc2 Nc4 33. Nxc5 Qxc5 34.
Bd4 Qxb5 35. Rb2 Qe8 36. Re2 Bg5 37. Bb1 g6 38. f4 Be7 39. g4 Qf8 40. Kg2 Nd6
41. Qf3 Rc4 42. Be5 Qb8 43. Rb2 Qa7 44. Qb3 Rc8 45. f5 Nc4 46. Rc2 Re8 47. Re2
Nxe5 48. Rxe5 Rb8 49. Qc2 Qa1 50. Re2 Qxb1 51. Qxb1 Rxb1 52. fxe6 fxe6 53. Rxe6
Kf7 54. Ra6 d4 55. Ra4 Rb4 56. Rxb4 Bxb4 57. Kf3 d3 58. g5 Ke6 59. Ke3 d2 60.
Ke2 Kf5 {White resigns} 0-1

[Event "Team 45 45 League T51"]
[Site "Internet Chess Club"]
[Date "2011.11.29"]
[Round "3"]
[White "dschesq"]
[Black "BrandonBee"]
[Result "0-1"]
[WhiteElo "1675"]
[BlackElo "1569"]
[Opening "Réti v Dutch"]
[ECO "A04"]
[Time "08:01:57"]
[TimeControl "2700+45"]

1. Nf3 f5 2. d4 Nf6 3. Bf4 d6 4. h3 g6 5. e3 Bg7 6. Nbd2 O-O 7. c3 c6 8. Qb3+
Kh8 9. Ng5 d5 10. c4 Ne4 11. O-O-O Nxf2 12. cxd5 cxd5 13. Be2 b6 14. Qc3 Nxh1
15. Bc7 Qd7 16. Rxh1 Nc6 17. Bb5 Bb7 18. Be5 Rac8 19. Bxg7+ Kxg7 20. Kb1 h6 21.
Ngf3 Qe6 22. Qd3 Nb4 23. Qb3 Qd6 24. Ne5 Nc6 25. Ndf3 Nxe5 26. Nxe5 a6 27. Bd3
b5 28. g3 Rc7 29. Qd1 Rfc8 30. Qf3 Qb4 31. Qf2 e6 32. g4 Rf8 33. Rf1 fxg4 34.
Qg2 Rxf1+ 35. Bxf1 Qe1# {White checkmated} 0-1

[Event "Team 45 45 League T51"]
[Site "Internet Chess Club"]
[Date "2011.11.29"]
[Round "3"]
[White "houseofcook"]
[Black "nanning"]
[Result "1/2-1/2"]
[WhiteElo "1444"]
[BlackElo "1502"]
[Opening "Caro-Kann: exchange, Rubinstein variation"]
[ECO "B13"]
[Time "14:00:06"]
[TimeControl "2700+45"]

1. e4 c6 2. d4 d5 3. exd5 cxd5 4. Bd3 Nc6 5. c3 Nf6 6. Bf4 Bg4 7. Qb3 Qc8 8. Nd2
a6 9. h3 Bd7 10. Ngf3 e6 11. O-O Be7 12. Rac1 b5 13. Ne5 Na5 14. Qd1 Nc4 15.
Ndxc4 dxc4 16. Bb1 Bc6 17. Re1 Bd5 18. a3 Qb7 19. f3 Nh5 20. Qd2 h6 21. Ng6 Nxf4
22. Nxf4 O-O 23. Nxd5 Qxd5 24. Be4 Qd6 25. Bxa8 Bg5 26. Qe2 Bxc1 27. Rxc1 Rxa8
{Game drawn by mutual agreement} 1/2-1/2

[Event "Team 45 45 League T51"]
[Site "Internet Chess Club"]
[Date "2011.11.27"]
[Round "3"]
[White "mitus"]
[Black "crazyhorses"]
[Result "1/2-1/2"]
[WhiteElo "1812"]
[BlackElo "1529"]
[Opening "Sicilian: Nimzovich-Rossolimo attack (with ...g6, without ...d6)"]
[ECO "B31"]
[Time "15:03:22"]
[TimeControl "2700+45"]

1. e4 c5 2. Nf3 Nc6 3. Bb5 g6 4. c3 Bg7 5. O-O a6 6. Bxc6 dxc6 7. d4 cxd4 8.
Nxd4 Nf6 9. Qc2 O-O 10. Nd2 Qc7 11. N2f3 c5 12. Nb3 Bg4 13. Qe2 Rfd8 14. Bg5 h6
15. Bd2 c4 16. Nbd4 e5 17. Nc2 Rd7 18. h3 Bxf3 19. gxf3 Rad8 20. Rad1 Nh5 21.
Nb4 Rxd2 22. Rxd2 Rxd2 23. Qxd2 Qc8 24. Nd5 Qxh3 25. Qe2 Bf6 26. Nxf6+ Nxf6 27.
f4 exf4 28. f3 Nh5 29. Rd1 Qe6 30. Rd4 Ng3 31. Qd2 g5 32. Rd8+ Kg7 33. Rd6 Qe5
34. Rd5 Qe6 35. Qd4+ Kh7 36. Qd2 Qb6+ 37. Kg2 f6 38. e5 Nf5 39. Rd7+ Kg6 40.
exf6 Nh4+ 41. Kh1 Qe6 42. f7 Qh3+ 43. Qh2 Qf1+ 44. Qg1 Qh3+ 45. Qh2 {Game drawn
by mutual agreement} 1/2-1/2

[Event "Team 45 45 League T51"]
[Site "Internet Chess Club"]
[Date "2011.11.29"]
[Round "3"]
[White "Theodulf"]
[Black "clarinetref"]
[Result "1-0"]
[WhiteElo "1667"]
[BlackElo "1615"]
[Opening "Owen defense"]
[ECO "B00"]
[Time "20:03:30"]
[TimeControl "2700+45"]

1. e4 b6 2. d4 Bb7 3. Bd3 e6 4. c4 d5 5. cxd5 exd5 6. e5 c5 7. Be3 cxd4 8. Bxd4
Bc5 9. Ne2 a6 10. O-O Qe7 11. Nd2 Nc6 12. Nf3 h5 13. a3 a5 14. Rc1 Rh6 15. Bb5
Kd8 16. Bxc5 bxc5 17. Qxd5+ Qd7 18. Qxc5 Qe7 19. Rfd1+ Kc7 20. Qc3 Rc8 21. Bxc6
Rxc6 22. Qxa5+ Kb8 23. Rxc6 Rxc6 24. Rd8+ Rc8 25. Rxc8+ Kxc8 26. Qc3+ Kb8 27. h3
Nh6 28. Ned4 Qd7 29. Qb4 Qc7 30. Qf8+ Ka7 31. Nb5+ {Black resigns} 1-0

[Event "Team 45 45 League T51"]
[Site "Internet Chess Club"]
[Date "2011.11.27"]
[Round "3"]
[White "tryanything"]
[Black "kwameh72"]
[Result "1/2-1/2"]
[WhiteElo "1579"]
[BlackElo "1641"]
[Opening "KP: Nimzovich defense"]
[ECO "B00"]
[Time "18:01:18"]
[TimeControl "2700+45"]

1. e4 Nc6 2. Nf3 d6 3. d4 Nf6 4. Nc3 Bg4 5. Be2 e6 6. O-O Be7 7. a3 O-O 8. Qd3
Bxf3 9. Bxf3 e5 10. Ne2 exd4 11. Nxd4 Ne5 12. Qe2 Nxf3+ 13. Qxf3 c6 14. Nf5 Qc7
15. Bh6 Ne8 16. Nxe7+ Qxe7 17. Be3 Nf6 18. Rfe1 Qxe4 19. Qg3 Qxc2 20. Qxd6 Rad8
21. Qb4 Nd5 22. Qxb7 Nxe3 23. Rxe3 Rb8 24. Qxa7 Rxb2 25. Ree1 c5 26. Rf1 Qc3 27.
Rac1 Rc2 28. Rb1 Re8 29. Rb8 Re2 30. Rxe8+ Rxe8 31. a4 h6 32. a5 Re2 33. a6 Ra2
34. Qb8+ Kh7 35. a7 Qa5 36. g3 Qxa7 37. Qb1+ g6 38. h4 c4 39. Qb4 Qd4 40. Qf8
Qg7 41. Qxg7+ Kxg7 42. Rc1 Ra4 43. f4 Kf6 44. Kf2 Kf5 45. Rc3 Kg4 46. Kg2 Rb4
47. Kf2 Rb3 48. Rxc4 Rxg3 49. f5+ Kh3 50. fxg6 fxg6 51. h5 gxh5 52. Rc6 Rg2+ 53.
Kf3 h4 54. Rxh6 Rg3+ 55. Kf2 Rg5 56. Rf6 Kg4 57. Rh6 h3 58. Kg1 Kg3 59. Rb6 Rg4
60. Rb3+ Kh4+ 61. Kh2 Rg2+ 62. Kh1 Rf2 63. Rb4+ Kg3 64. Rb3+ Rf3 65. Rxf3+ Kxf3
66. Kh2 Kg4 67. Kh1 Kg3 68. Kg1 Kf3 69. Kh2 Kg4 70. Kh1 Kg3 {Game drawn by
mutual agreement} 1/2-1/2

[Event "Team 45 45 League T51"]
[Site "Internet Chess Club"]
[Date "2011.11.26"]
[Round "3"]
[White "ElmerHo"]
[Black "Aquaman"]
[Result "1/2-1/2"]
[WhiteElo "1515"]
[BlackElo "1251"]
[Opening "QP counter-gambit (elephant gambit)"]
[ECO "C40"]
[Time "21:00:25"]
[TimeControl "2700+45"]

1. e4 e5 2. Nf3 d5 3. Nxe5 Bd6 4. d4 dxe4 5. Nc4 Nf6 6. Be2 Be7 7. c3 b5 8. Ne5
a6 9. O-O Bb7 10. Be3 O-O 11. Nd2 Nc6 12. Ng4 Nb8 13. Nxf6+ Bxf6 14. f3 exf3 15.
Bxf3 Bxf3 16. Qxf3 Nd7 17. Rad1 Qe8 18. Rfe1 Qc8 19. Bf2 Rb8 20. Ne4 Bd8 21. Bg3
Rb6 22. Bf2 Rg6 23. Bg3 Nf6 24. Nxf6+ Rxf6 25. Qd3 c6 26. Be5 Rg6 27. Re3 Bc7
28. Rde1 Bxe5 29. Rxe5 Re6 30. Qg3 Rxe5 31. Rxe5 f5 32. Re7 Rf7 33. Qe5 Rxe7 34.
Qxe7 g6 35. Kf2 Qf8 36. Qe6+ Qf7 37. Qc8+ Kg7 38. Qxa6 Qc4 39. Qb7+ Kh6 40. Qe7
Qxa2 41. Qh4+ Kg7 42. Qe7+ Kh6 43. Qe3+ Kg7 {Game drawn by mutual agreement}
1/2-1/2

[Event "Team 45 45 League T51"]
[Site "Internet Chess Club"]
[Date "2011.11.23"]
[Round "3"]
[White "Boromir"]
[Black "chess9793"]
[Result "0-1"]
[WhiteElo "1915"]
[BlackElo "2156"]
[Opening "Grünfeld: 5.Bg5"]
[ECO "D91"]
[Time "16:11:04"]
[TimeControl "2700+45"]

1. Nf3 g6 2. d4 Nf6 3. c4 Bg7 4. Nc3 d5 5. Bg5 Ne4 6. Bf4 Nxc3 7. bxc3 c5 8. e3
O-O 9. Bd3 dxc4 10. Bxc4 Nc6 11. O-O Na5 12. Bd3 b6 13. Ne5 Bb7 14. f3 Rc8 15.
Rc1 c4 16. Be4 f6 17. Ng4 g5 18. Bg3 h5 19. Nf2 h4 20. Bxh4 gxh4 21. Bf5 Rc6 22.
f4 e6 23. Bg6 f5 24. Qh5 Rf6 25. Nh3 Rxg6 26. Qxg6 Qf6 27. Qxf6 Bxf6 28. Ng5 Rd6
29. Nf3 Rd7 30. Ne5 Rg7 31. Rf2 Bxe5 32. fxe5 Be4 33. a4 Nc6 34. Rb2 Ne7 35. a5
Nd5 36. axb6 axb6 37. Re2 Ra7 38. g3 hxg3 39. hxg3 Rg7 40. Kf2 Rh7 41. Ke1 Rh1+
42. Kd2 Rxc1 43. Kxc1 Nxc3 {White resigns} 0-1

[Event "Team 45 45 League T51"]
[Site "Internet Chess Club"]
[Date "2011.11.25"]
[Round "3"]
[White "wilson97"]
[Black "cesaralexander"]
[Result "1/2-1/2"]
[WhiteElo "1877"]
[BlackElo "1909"]
[Opening "French: Tarrasch, open variation, main line"]
[ECO "C09"]
[Time "21:28:34"]
[TimeControl "2700+45"]

1. e4 e6 2. d4 d5 3. Nd2 c5 4. exd5 exd5 5. Ngf3 Nc6 6. Bb5 Bd6 7. dxc5 Bxc5 8.
O-O Ne7 9. Nb3 Bd6 10. Nbd4 O-O 11. c3 Bg4 12. Qa4 Bd7 13. Bg5 f6 14. Bh4 a6 15.
Bxc6 bxc6 16. Qc2 c5 17. Nb3 Nf5 18. Bg3 Nxg3 19. hxg3 Rb8 20. Nbd2 Qb6 21. b3
a5 22. c4 d4 23. Nh4 Be5 24. Nf5 Qe6 25. Nh4 d3 26. Qxd3 Bxa1 27. Rxa1 Rbd8 28.
Ne4 Qe5 29. Rd1 Bg4 30. Qxd8 Bxd1 31. Nxf6+ Qxf6 32. Qxd1 Qxf2+ 33. Kh2 Qd4 34.
Qe2 Qd6 35. Qg4 Qh6 36. Kg1 Qf6 37. Nf3 Rd8 38. Kh2 h6 39. Qh5 Qe7 40. Qf5 Rf8
41. Qd5+ Kh7 42. Qd2 Qd8 43. Qe3 Qd6 44. Qe1 Qc7 45. Qe4+ g6 46. Ne5 Rf5 47. Nf3
Kg7 48. Qe6 Rh5+ 49. Kg1 Qd8 50. g4 Qd1+ 51. Kf2 Rh1 52. Qe7+ Kg8 53. Qe8+ Kg7
54. Qe7+ Kg8 55. Qe8+ Kg7 56. Qe7+ Kg8 57. Qe8+ Kg7 58. Qe7+ {Game drawn by
repetition} 1/2-1/2

[Event "Team 45 45 League T51"]
[Site "Internet Chess Club"]
[Date "2011.11.26"]
[Round "3"]
[White "futureGM"]
[Black "e4master"]
[Result "1-0"]
[WhiteElo "1893"]
[BlackElo "1750"]
[Opening "Sicilian: accelerated fianchetto, modern variation"]
[ECO "B34"]
[Time "13:00:37"]
[TimeControl "2700+45"]

1. e4 c5 2. Nf3 g6 3. d4 cxd4 4. Nxd4 Nc6 5. Nc3 Bg7 6. Be3 Nf6 7. Qd2 d5 8. Bb5
Bd7 9. exd5 Ne5 10. O-O O-O 11. Qe2 a6 12. Bc4 b5 13. Bb3 b4 14. Nb1 Qa5 15. c4
Rfc8 16. Nd2 Ne8 17. Ne4 Ng4 18. Qf3 Ne5 19. Qe2 Ng4 20. Qf3 Ne5 21. Qg3 Nxc4
22. Bxc4 Rxc4 23. b3 Rxd4 24. Bxd4 Bxd4 25. Rad1 Qxd5 26. Ng5 e5 27. Qh4 Bc6 28.
Qxh7+ Kf8 29. Qh6+ Ke7 30. Nf3 Nd6 31. Qg5+ f6 32. Qh6 Nf7 33. Qg7 Rh8 34. Rfe1
Rh5 35. Rxd4 Qb5 36. Rf4 Rf5 37. Rxf5 gxf5 38. Nd4 Qd5 39. Nxf5+ Ke6 40. Qg4
Qxg2+ 41. Qxg2 Bxg2 42. Ng7+ {Black resigns} 1-0

[Event "Team 45 45 League T51"]
[Site "Internet Chess Club"]
[Date "2011.11.29"]
[Round "3"]
[White "cityprosecutor"]
[Black "FlyingTiger"]
[Result "0-1"]
[WhiteElo "1675"]
[BlackElo "1804"]
[Opening "Sicilian defense"]
[ECO "B20"]
[Time "20:04:40"]
[TimeControl "2700+45"]

1. e4 c5 2. d3 g6 3. g3 Nc6 4. Bg2 Bg7 5. Nf3 Nf6 6. O-O d6 7. Re1 O-O 8. c3 Bd7
9. h3 Rb8 10. Nbd2 b5 11. d4 cxd4 12. cxd4 Nb4 13. Qb3 a5 14. a3 Nc6 15. Nf1 a4
16. Qd3 Na5 17. N1d2 Qc7 18. b4 Nc4 19. Nxc4 bxc4 20. Qc3 Rfc8 21. Ra2 d5 22.
Bf4 Qb6 23. Bxb8 Nxe4 24. Rxe4 dxe4 25. Ne5 Be6 26. Nxg6 hxg6 27. Be5 f6 28. Bf4
Bd5 29. Re2 Qc6 30. Be3 f5 31. h4 Re8 32. Bf4 Qe6 33. Kf1 Qc6 34. Re3 Bf7 35.
Re1 Rd8 36. Be3 Qd5 37. Rb1 Be8 38. Ke1 Bb5 39. Bg5 Bxd4 40. Qc2 Rd7 41. Qd2 c3
42. Qf4 Qc4 43. Kd1 Be3+ 44. Ke1 {White resigns} 0-1

[Event "Team 45 45 League T51"]
[Site "Internet Chess Club"]
[Date "2011.11.25"]
[Round "3"]
[White "cysk"]
[Black "Holzschlange"]
[Result "1-0"]
[WhiteElo "1737"]
[BlackElo "1850"]
[Opening "Scotch: Mieses variation"]
[ECO "C45"]
[Time "11:26:26"]
[TimeControl "2700+45"]

1. e4 e5 2. Nf3 Nc6 3. d4 exd4 4. Nxd4 Nf6 5. Nxc6 bxc6 6. e5 Qe7 7. Qe2 Nd5 8.
c4 Nb6 9. Nc3 Qe6 10. Qe4 Bb4 11. Bd2 Bxc3 12. Bxc3 d5 13. cxd5 cxd5 14. Qb4 Qe7
15. Qxe7+ Kxe7 16. Bd4 Bb7 17. Bd3 Nd7 18. Rc1 Rhc8 19. Bxh7 c5 20. Be3 g6 21.
O-O d4 22. Bg5+ Ke6 23. f4 Be4 24. g4 Nf8 25. f5+ Kxe5 26. Bf4+ Kd5 27. Bg8 gxf5
28. Bxf7+ Kc6 29. gxf5 Bxf5 30. Bh6 Be4 31. b4 Kb5 32. bxc5 Rxc5 33. Rxc5+ Kxc5
34. Re1 Bc6 35. Bg7 Rd8 36. Bf6 Rb8 37. Rc1+ Kd6 38. Bxd4 Nd7 39. Bxa7 Rb2 40.
Bf2 Ne5 41. Bg3 Rg2+ 42. Kf1 Rxg3 43. Rxc6+ Ke7 44. Rc7+ Kd6 45. hxg3 Kxc7 46.
Bb3 Kd6 47. Ke2 Nc6 48. Ke3 Ke5 49. g4 Ne7 50. a4 Nc6 51. Bc4 Kf6 52. Kf4 Kg7
53. g5 Kg6 54. Bb5 Nd4 55. Be8+ Kg7 56. g6 Ne6+ 57. Ke5 Nc5 58. a5 Na6 59. Kd6
Kf8 60. Bb5 Nb4 61. Kc5 {Black resigns} 1-0

[Event "Team 45 45 League T51"]
[Site "Internet Chess Club"]
[Date "2011.11.25"]
[Round "3"]
[White "alexdb"]
[Black "Eyechess"]
[Result "0-1"]
[WhiteElo "1886"]
[BlackElo "1971"]
[Opening "Scandinavian (center counter) defense"]
[ECO "B01"]
[Time "20:30:02"]
[TimeControl "2700+45"]

1. e4 d5 2. exd5 Qxd5 3. Nc3 Qa5 4. d4 c6 5. Nf3 Bf5 6. Bc4 e6 7. Bd2 Nf6 8. Qe2
Bb4 9. O-O Nbd7 10. a3 Bxc3 11. Bxc3 Qc7 12. Ne5 Bg6 13. h3 Nxe5 14. dxe5 Ne4
15. Qe3 O-O-O 16. a4 Qb6 17. Qxb6 axb6 18. Bb3 Nxc3 19. bxc3 Rd2 20. Rac1 Rhd8
21. f3 Re2 22. Rf2 Rxe5 23. Kf1 Re3 24. c4 Kc7 25. Re2 Rc3 26. Ke1 c5 27. Rd1
Rd4 28. Rxd4 cxd4 29. Kd2 Kd6 30. Re1 e5 31. Ra1 e4 32. fxe4 Bxe4 33. a5 Rg3
{White resigns} 0-1